 Dungeon Crawl Stone Soup version 0.31.0-1-g2c135a008e (webtiles) character file.

Game seed: 10281658557503606785

76 qw the Shooter (level 4, 0/35 HPs)
             Began as a Djinni Hunter on Jan 23, 2024.
             Slain by a goblin
             ... wielding a +0 dagger
             ... led by Robin
              (4 damage)
             ... on level 2 of the Dungeon.
             The game lasted 00:00:03 (1063 turns).

qw the Shooter (Djinni Hunter)                      Turns: 1063, Time: 00:00:04

Health: 0/35       AC:  5    Str: 10    XL:     4   Next: 57%
Gold:   36         EV: 11    Int: 11    God:
                   SH:  0    Dex: 18

rFire   + + .        a - +0 shortbow
rCold   x . .        (shield currently unavailable)
rNeg    . . .        f - +0 ring mail
rPois   inf          (no helmet)
rElec   .            (no cloak)
rCorr   .            (no gloves)
SInv    .            (boots unavailable)
Will    .....        (no amulet)
Stlth   +            (no ring)
HPRegen 0.25/turn    (no ring)
MPRegen 0.00/turn

%: infuse magic (-1 HP)
@: flying
A: sickness immunity, fire resistance 2, cold vulnerability 1, float, innate
caster, HP casting, extra vitality 1
a: no special abilities


You were on level 2 of the Dungeon.
You visited 1 branch of the dungeon, and saw 2 of its levels.

You collected 36 gold pieces.


Innate Abilities, Weirdness & Mutations

You are immune to sickness and miasma.
You are immune to poison.
Your flesh is very heat resistant. (rF++)
You are vulnerable to cold. (rC-)
You float through the air rather than walking.
You learn spells naturally, not from books.
Your magical power is your life essence.
You have superior vitality. (+4 MHP)


   Skills:
 - Level 3.1 Fighting
 + Level 4.0 Ranged Weapons
 - Level 1.2 Armour
 - Level 2.1 Dodging
 - Level 0.7 Stealth


You knew the following spells:

 Your Spells              Type           Power      Damage    Failure   Level
a - Kiss of Death         Conj/Necr      0%         2d5       65%         1
Your spell library was empty.

Inventory:

Hand Weapons
 a - a +0 shortbow (weapon)
Armour
 b - a +0 cloak
 f - a +0 ring mail (worn)
Potions
 d - a potion of degeneration {unknown}
 g - a potion of curing

Dungeon Overview and Level Annotations

Branches:
Dungeon (2/15)

Altars:

Annotations:
D:2 Robin


Message History

You kill the goblin!
The goblin barely misses you. The goblin misses you.
You shoot an arrow. The arrow closely misses the goblin.
The arrow hits the hobgoblin!
You kill the hobgoblin!
The goblin no longer looks unusually strong.
The goblin closely misses you. x2
Robin roars a battlecry!
The goblin goes into a battle-frenzy!
The goblin hits you but does no damage. x2
You shoot an arrow. The arrow hits the goblin!
You kill the goblin!
The goblin barely misses you.
You shoot an arrow. The arrow closely misses the hobgoblin.
The arrow hits the adder.
The adder is lightly wounded.
The goblin barely misses you. The hobgoblin closely misses you.
You shoot an arrow. The arrow hits the hobgoblin!
You kill the hobgoblin!
The goblin hits you but does no damage. The adder bites you but does no damage.
The goblin misses you.
You shoot an arrow. The arrow hits the adder!
The adder is almost dead.
The adder bites you but does no damage. The goblin barely misses you.
The adder bites you but does no damage.
You shoot an arrow. The arrow hits the adder.
You kill the adder!
The goblin hits you with a +0 dagger. The goblin barely misses you.
Robin barely misses you.
Your Fighting skill increases to level 3!
You shoot an arrow.
The arrow hits Robin but does no damage.
Robin is heavily wounded.
The goblin hits you with a +0 dagger. Robin barely misses you.
You shoot an arrow. The arrow barely misses Robin.
The goblin hits you but does no damage. Robin hits you with a +0 short sword.
You shoot an arrow. The arrow hits Robin.
Robin is heavily wounded.
The goblin hits you with a +0 dagger.
You die...

### ..# #.# #
#.# #.##.###
#.#....#
#....#.#
###.##.######)..
#.##.g@g).)...
#.##########..
######.###
#...[....#
#.####.#.# ###
#.# #.#.# #..
#.####...# #..
#.##.....### +.)
#.##........ #..


You could see Robin and a goblin (strong).

Vanquished Creatures
  3 adders (D:2)
  3 ball pythons
  4 bats (D:1)
  2 endoplasms (D:1)
  A giant cockroach (D:1)
  9 goblins
  10 hobgoblins
  2 jackals (D:2)
  3 quokkas
  A frilled lizard (D:1)
  A kobold (D:1)
  3 rats
42 creatures vanquished.

Notes
Turn   | Place    | Note
-------+----------+-------------------------------------------
     0 | D:1      | qw the Djinni Hunter began the quest for the Orb.
     0 | D:1      | Reached XP level 1. HP: 18/18 MP: 0/0
     0 | D:1      | 0 ||| qw: Version: 0.3-a-135-gb77e89d
     0 | D:1      | 0 ||| qw: Game counter: 818
     0 | D:1      | 0 ||| qw: Melee chars always use a shield: true
     0 | D:1      | 0 ||| qw: God list: Okawaru
     0 | D:1      | 0 ||| qw: Allow faded altars: false
     0 | D:1      | 0 ||| qw: Do Orc after clearing Dungeon:15 true
     0 | D:1      | 0 ||| qw: Do second Lair branch before Depths: true
     0 | D:1      | 0 ||| qw: Lair rune preference: random
     0 | D:1      | 0 ||| qw: Goals: Normal
     0 | D:1      | 0 ||| PLANNING D:1-11
    30 | D:1      | Reached XP level 2. HP: 16/23 MP: 0/0
   365 | D:1      | Reached XP level 3. HP: 28/28 MP: 0/0
   365 | D:1      | Learned a level 1 spell: Kiss of Death
   367 | D:1      | Reached skill level 4 in Ranged Weapons
   463 | D:1      | Found a faded altar of an unknown god.
   720 | D:1      | 720 ||| UPGRADING to +0 ring mail.
   730 | D:1      | 730 ||| DROPPING +0 leather armour.
   731 | D:1      | 731 ||| DROPPING scarf of harm.
   732 | D:1      | 732 ||| READING scroll labelled YMUDGH YMYMA.
   736 | D:1      | 736 ||| READING scroll labelled LUANEA JEAPNUA.
   737 | D:1      | 737 ||| READING scroll labelled MIOF XOEXTUY.
   738 | D:1      | 738 ||| READING scroll labelled COQACL EMUHU.
   789 | D:1      | 789 ||| DRINKING 2 yellow potions.
   790 | D:1      | 790 ||| DROPPING scroll of butterflies.
   896 | D:2      | Reached skill level 1 in Armour
   963 | D:2      | Reached XP level 4. HP: 34/34 MP: 0/0
  1043 | D:2      | Noticed Robin
  1061 | D:2      | Reached skill level 3 in Fighting
  1061 | D:2      | HP: 6/35 [goblin/+0 dagger[Robin] (4)]
  1063 | D:2      | Slain by a goblin

Levels and vault maps discovered:
D:1:      nagdon_arrival_double_spiral, layout_basic,
          ebering_ecumenical_altar_sacrificial
D:2:      layout_loops_corners, minmay_quadrilaterals, uniq_robin,
          uniq_crazy_yiuf_cottage

Skill      XL: |  1  2  3  4 |
---------------+-------------+-----
Ranged Weapons | 4 |  4.0
Armour         | 1 |  1.2
Fighting       | 3 |  3.1
Dodging        | |  2.1
Stealth        | |  0.7

Action                     |  1- 3 |  4- 6 || total
---------------------------+-------+-------++-------
   Fire: Shortbow          |    90 |    30 ||   120
    Use: Scroll            |     4 |       ||     4
         Potion            |     1 |       ||     1
 Armour: Leather armour    |    15 |       ||    15
         Ring mail         |     9 |    29 ||    38
  Dodge: Dodged            |    29 |    26 ||    55

Table legend:
 A = Non-vault XP
 B = Vault XP
 C = Vault XP percentage of total XP
 D = Non-vault monster count
 E = Vault monster count
 F = Vault count percentage of total count
                 A         B        C        D         E       F
            +---------+---------+-------+---------+---------+-------
      Total |      86 |      23 |  21.1 |      29 |      13 |  31.0
            +---------+---------+-------+---------+---------+-------
        D:1 |      37 |       0 |   0.0 |      21 |       0 |   0.0
        D:2 |      49 |      23 |  31.9 |       8 |      13 |  61.9
            +---------+---------+-------+---------+---------+-------
